Map: [ESL] Cosmic Sapphire

Players

herO

  • Race: Protoss Protoss
  • Spawn Location: 5:00

ShoWTimE - Winner!

  • Race: Protoss Protoss
  • Spawn Location: 11:00

Event: DreamHack SC2 Masters 2022 Valencia

VOD

Have the link to the VOD?

Description

Time

  • Played on: July 2, 2022, 7:38 a.m.
  • Length: 15:22

All games in this series

Show
View Real Time Build Order
Export as new Build Order

herO Protoss 

Build Orders: Oracle Opening, Phoenix Opening, Blink Stalkers 

Get SALT Encoding   

  12  0:00  Probe  
  13  0:12  Probe  
  14  0:17  Pylon  
  14  0:24  Probe (Chrono Boost)  
  16  0:36  Probe (Chrono Boost)  
  16  0:37  Gateway  
  16  0:43  Probe (Chrono Boost)  
  16  0:47  Assimilator  
  17  0:50  Probe  
  17  0:55  Assimilator  
  18  1:03  Probe (Chrono Boost)  
  19  1:08  Gateway  
  19  1:13  Probe (Chrono Boost)  
  19  1:18  Probe (Chrono Boost)  
  20  1:25  Cybernetics Core  
  21  1:29  Probe  
  22  1:36  Pylon  
  22  1:41  Probe  
  23  1:54  Probe  
  23  2:01  Stalker, Adept  
  26  2:02  Warp Gate  
  28  2:10  Pylon  
  28  2:22  Stargate  
  28  2:32  Adept x2  
  31  3:01  Nexus  
  31  3:04  Oracle (Chrono Boost)  
  34  3:16  Shield Battery  
  34  3:25  Twilight Council  
  34  3:27  Shield Battery  
  34  3:32  Probe  
  35  3:44  Probe  
  35  3:46  Pylon  
  36  3:55  Phoenix  
  38  3:56  Probe  
  38  3:57  Blink (Chrono Boost)  
  39  4:08  Probe  
  40  4:18  Gateway  
  40  4:20  Probe x2  
  42  4:28  Stalker  
  44  4:35  Stalker  
  45  4:41  Probe x2  
  47  4:53  Probe x2  
  47  4:58  Stalker  
  47  4:59  Stalker  
  49  5:10  Probe x2  
  51  5:20  Pylon  
  51  5:22  Pylon  
  51  5:24  Stalker  
  53  5:31  Gateway  
  50  5:39  Stalker  
  50  5:41  Probe x2  
  54  5:47  Stalker  
  54  5:48  Stalker  
  58  5:52  Pylon  
  58  5:55  Probe x2  
  60  6:07  Probe x2  
  60  6:15  Stalker x3  
  64  6:19  Probe x2  
  64  6:27  Assimilator  
  64  6:38  Stalker x4  
  72  6:42  Pylon  
  72  6:53  Pylon  
  72  7:00  Probe x2  
  74  7:06  Nexus  
  74  7:08  Pylon  
  71  7:13  Probe  
  71  7:14  Probe  
  73  7:20  Stalker x3  
  79  7:27  Probe x2  
  81  7:32  Pylon  
  81  7:34  Gateway  
  81  7:39  Probe x2  
  83  7:45  Gateway  
  83  7:47  Gateway  
  83  7:52  Adept x2  
  83  7:58  Stalker  
  89  8:00  Probe x2  
  91  8:05  Pylon  
  91  8:15  Probe x2  
  93  8:20  Dark Shrine  
  93  8:21  Probe  
  93  8:26  Stalker x3  
  101  8:30  Stalker  
  102  8:43  Charge (Chrono Boost)  
  102  8:44  Pylon  
  102  8:52  Pylon  
  96  9:10  Stalker x6, Nexus  
  96  9:12  Pylon  
  96  9:15  Gateway  
  108  9:18  Probe  
  108  9:19  Probe x2  
  111  9:34  Zealot x5  
  111  9:35  Zealot x2  
  111  9:38  Pylon  
  125  9:49  Shield Battery  
  123  9:55  Dark Templar x3  
  123  9:57  Zealot x4  
  133  10:08  Archon  
  115  10:24  Zealot x5  
  115  10:27  Zealot x3  
  131  10:31  Forge, Shield Battery  
  115  10:44  Zealot x5  
  121  10:50  Zealot  
  121  10:51  Zealot x2  
  121  10:55  Protoss Ground Weapons Level 1 (Chrono Boost)  
  115  11:02  Probe x4  
  107  11:06  Stalker x5  
  107  11:09  Shadow Stride (Chrono Boost)  
  111  11:16  Probe x4  
  111  11:18  Sentry x2  
  117  11:19  Assimilator  
  117  11:23  Assimilator  
  118  11:28  Probe x4  
  122  11:38  Zealot x6  
  134  11:42  Photon Cannon  
  134  11:44  Probe x3  
  134  11:46  Probe  
  138  11:50  Pylon  
  138  11:51  Photon Cannon  
  138  11:55  Sentry, Gateway  
  138  11:56  Gateway  
  140  12:10  Dark Templar x4  
  146  12:17  Zealot x2  
  142  12:27  Nexus  
  142  12:31  Photon Cannon  
  142  12:32  Shield Battery  
  142  12:34  Pylon  
  142  12:36  Stalker  
  140  12:37  Pylon  
  125  12:44  Stalker x6  
  135  12:52  Stalker x2  
  135  12:57  Pylon x2  
  137  12:59  Pylon  
  129  13:14  Zealot x7  
  111  13:31  Dark Templar x2  
  115  13:38  Dark Templar x2  
  115  13:39  Dark Templar x2  
  113  13:45  Zealot x3  
  103  14:04  Pylon  
  103  14:09  Stalker x5  
  113  14:13  Stalker x4  
  97  14:34  Zealot x5  
  95  14:44  Stalker x4  
  101  14:55  Dark Templar x4  
  101  14:57  Zealot  
  101  14:58  Probe x3  
  114  15:03  Nexus  
  110  15:10  Probe x2  
  110  15:11  Dark Templar  
  110  15:12  Zealot x3  
  108  15:16  Nexus  
Show
View Real Time Build Order
Export as new Build Order

ShoWTimE Protoss - Winner!

Build Orders: Oracle Opening 

Get SALT Encoding   

  12  0:00  Probe  
  13  0:12  Probe  
  14  0:17  Pylon  
  14  0:24  Probe (Chrono Boost)  
  15  0:36  Probe (Chrono Boost)  
  15  0:37  Gateway  
  16  0:44  Probe (Chrono Boost)  
  16  0:46  Assimilator  
  17  0:51  Probe  
  18  0:58  Assimilator  
  18  1:03  Probe (Chrono Boost)  
  19  1:10  Gateway  
  19  1:14  Probe (Chrono Boost)  
  20  1:19  Probe (Chrono Boost)  
  21  1:26  Cybernetics Core  
  21  1:30  Probe  
  22  1:37  Pylon  
  22  1:42  Probe  
  23  1:55  Probe  
  24  2:02  Stalker x2  
  24  2:04  Warp Gate  
  28  2:14  Pylon  
  28  2:22  Shield Battery  
  28  2:38  Stargate  
  28  2:52  Nexus  
  28  2:59  Shield Battery  
  28  3:04  Stalker  
  30  3:07  Probe  
  31  3:18  Oracle (Chrono Boost)  
  31  3:19  Probe  
  34  3:31  Probe  
  34  3:33  Pylon  
  35  3:42  Shield Battery  
  35  3:43  Probe, Shield Battery  
  36  3:52  Stalker  
  38  3:56  Shield Battery  
  38  3:58  Stalker  
  38  4:01  Probe  
  41  4:04  Probe  
  42  4:12  Twilight Council  
  42  4:13  Probe  
  42  4:16  Probe  
  44  4:25  Probe  
  44  4:26  Stalker  
  44  4:28  Probe  
  48  4:37  Probe  
  49  4:41  Probe  
  49  4:42  Stalker  
  52  4:47  Blink (Chrono Boost)  
  52  4:49  Stalker, Probe  
  55  4:53  Probe  
  55  4:58  Shield Battery  
  56  5:01  Probe  
  56  5:05  Probe  
  56  5:10  Pylon  
  56  5:12  Stalker  
  58  5:14  Stalker  
  58  5:16  Probe  
  58  5:19  Probe  
  60  5:27  Assimilator  
  60  5:29  Probe, Shield Battery  
  60  5:31  Probe  
  62  5:36  Stalker  
  62  5:39  Stalker  
  62  5:41  Probe  
  65  5:43  Probe  
  66  5:53  Probe  
  65  5:57  Probe  
  65  6:01  Stalker  
  65  6:03  Gateway x2  
  68  6:06  Probe  
  67  6:12  Stalker  
  67  6:16  Probe  
  70  6:25  Pylon  
  70  6:37  Pylon  
  70  6:41  Nexus  
  70  6:43  Probe  
  68  6:47  Stalker x2  
  68  6:50  Probe  
  71  6:55  Probe  
  72  7:12  Pylon  
  72  7:14  Stalker x2  
  72  7:15  Nexus  
  76  7:16  Probe x2  
  78  7:30  Probe x2  
  80  7:38  Forge  
  80  7:39  Pylon  
  80  7:42  Probe x2  
  82  7:46  Pylon  
  82  7:47  Stalker x2  
  82  7:51  Pylon  
  86  7:57  Probe x2  
  88  8:01  Stalker  
  88  8:02  Stalker  
  88  8:05  Charge (Chrono Boost)  
  92  8:10  Probe x2, Gateway  
  92  8:13  Gateway  
  92  8:16  Stalker x2  
  92  8:17  Protoss Ground Weapons Level 1 (Chrono Boost)  
  96  8:22  Probe x2  
  98  8:30  Gateway  
  98  8:32  Probe  
  98  8:34  Probe x2, Shield Battery  
  101  8:44  Pylon  
  101  8:45  Gateway  
  101  8:52  Stalker x3  
  99  9:04  Stalker x2  
  103  9:14  Nexus  
  103  9:18  Stalker x2, Pylon  
  103  9:22  Stalker  
  109  9:27  Probe x2  
  109  9:28  Shield Battery  
  109  9:29  Stalker  
  113  9:35  Stalker  
  113  9:37  Shield Battery  
  115  9:41  Stalker x2  
  115  9:44  Probe x2  
  121  9:48  Stalker  
  123  9:55  Stalker  
  123  9:56  Stalker  
  127  10:00  Pylon, Probe  
  127  10:01  Probe x2  
  124  10:12  Stalker x3  
  124  10:14  Zealot  
  124  10:19  Stalker x2  
  124  10:26  Pylon  
  124  10:27  Stalker x2  
  128  10:31  Shield Battery  
  128  10:38  Stalker x2  
  122  10:42  Stalker x2  
  122  10:45  Stalker  
  122  10:47  Photon Cannon  
  122  10:49  Stalker  
  130  10:52  Zealot x2  
  130  10:55  Protoss Ground Weapons Level 2 (Chrono Boost)  
  124  11:01  Zealot x2  
  128  11:06  Zealot x2  
  128  11:09  Photon Cannon  
  128  11:12  Stalker x2, Photon Cannon  
  132  11:28  Stalker x2, Zealot x2  
  132  11:29  Zealot x2  
  144  11:39  Pylon, Zealot x2  
  148  11:42  Shield Battery  
  148  11:48  Gateway  
  148  11:49  Pylon  
  148  11:50  Gateway, Zealot  
  148  11:51  Zealot x3  
  148  11:52  Pylon  
  156  11:58  Zealot x2  
  160  12:06  Stalker x2  
  157  12:17  Zealot x4  
  159  12:23  Nexus  
  159  12:28  Zealot x2  
  163  12:33  Probe x4  
  165  12:37  Photon Cannon  
  165  12:39  Shield Battery  
  165  12:41  Robotics Facility  
  161  12:45  Probe x4  
  161  12:46  Zealot x2  
  161  12:47  Zealot x3  
  161  12:50  Zealot x2  
  179  12:57  Probe  
  174  12:59  Probe  
  174  13:01  Photon Cannon  
  174  13:03  Photon Cannon  
  171  13:07  Zealot x4  
  153  13:21  Stalker x4  
  149  13:28  Probe x3  
  149  13:29  Observer (Chrono Boost)  
  149  13:32  Stalker x3  
  149  13:33  Stalker  
  159  13:34  Probe  
  158  13:42  Zealot x2  
  158  13:45  Zealot x4  
  169  13:54  Probe  
  169  13:55  Probe x2  
  171  13:57  Pylon  
  171  13:59  Observer  
  171  14:01  Zealot x2  
  170  14:04  Zealot  
  170  14:08  Probe x5  
  159  14:18  Zealot x2  
  159  14:20  Probe x2 (Chrono Boost)  
  159  14:21  Probe (Chrono Boost)  
  159  14:22  Probe (Chrono Boost)  
  164  14:25  Probe (Chrono Boost)  
  164  14:29  Observer  
  164  14:31  Probe x4 (Chrono Boost)  
  159  14:35  Probe (Chrono Boost)  
  159  14:36  Probe x3 (Chrono Boost), Zealot x8  
  171  14:42  Photon Cannon  
  165  14:46  Photon Cannon x2  
  161  14:54  Photon Cannon  
  161  15:01  Stalker x5  
  169  15:08  Zealot x2  
  169  15:09  Zealot x3  

Tags
 
Add a new tag
Caveats
  • Supply blocks, unpowered buildings, or Contaminate may cause inaccurate times.
  • Supply counts are checked every 10 seconds.